 Dungeon Crawl Stone Soup version 0.26-b1-32-g5d43845318 (webtiles) character file.

Game seed: 14270351999547954058

116 jmlagarto the Stinger (level 5, -3/28 HPs)
             Began as a Gargoyle Venom Mage on Jan 12, 2021.
             Killed from afar by Crazy Yiuf (10 damage)
             ... with a puff of flame
             ... on level 2 of the Dungeon.
             The game lasted 00:08:05 (2499 turns).

jmlagarto the Stinger (Gargoyle Venom Mage)         Turns: 2499, Time: 00:08:06

Health: -3/28      AC: 10    Str: 17    XL:     5   Next: 0%
Magic:  10/10      EV: 12    Int: 17    God:
Gold:   99         SH:  0    Dex: 10    Spells: 7/10 levels left

rFire    . . .     SeeInvis +   l - +0 dagger
rCold    . . .     Faith    .   (no shield)
rNeg     + . .     Spirit   .   d - +2 robe {Will+}
rPois    ∞         Reflect  .   (no helmet)
rElec    +         Harm     .   (no cloak)
rCorr    .         Rampage  .   h - +1 pair of gloves
Will     +....                  (no boots)
Stlth    ++........             m - amulet of magic regeneration
HPRegen  0.09/turn              b - +6 ring of strength
MPRegen  0.37/turn              j - ring of see invisible

@: no status effects
A: negative energy resistance 1, electricity resistance, unbreathing,
petrification resistance, miasma immunity, AC +4
a: no special abilities


You were on level 2 of the Dungeon.
You visited 1 branch of the dungeon, and saw 3 of its levels.

You collected 99 gold pieces.

Inventory:

Hand Weapons
 l - a +0 dagger (weapon)
Armour
 a - a +0 robe
 d - a +2 robe of willpower (worn)
 h - a +1 pair of gloves (worn)
Jewellery
 b - a +6 ring of strength (left hand)
 j - a ring of see invisible (right hand)
 m - an amulet of magic regeneration (around neck)
Scrolls
 c - a scroll of magic mapping {unknown}
 e - 3 scrolls of remove curse
 g - a scroll of identify {unknown}
Potions
 i - a potion of heal wounds {unknown}
 k - a potion of curing
 n - a potion of resistance {unknown}


   Skills:
 + Level 0.1 Fighting
 + Level 1.8 Dodging
 + Level 2.2 Stealth
 + Level 0.3 Unarmed Combat
 + Level 3.4 Spellcasting
 + Level 1.2 Transmutations
 + Level 4.0 Poison Magic


You had 7 spell levels left.
You knew the following spells:

 Your Spells              Type           Power        Failure   Level
a - Sting                 Tmut/Pois      44%          6%          1
b - Poisonous Vapours     Pois/Air       18%          11%         2

Your spell library contained the following spells:

 Spells                   Type           Power        Failure   Level
 Ignite Poison            Fire/Tmut/Pois 8%           24%         3
 Mephitic Cloud           Conj/Pois/Air  7%           28%         3
 Olgreb's Toxic Radiance  Pois           16%          32%         4


Dungeon Overview and Level Annotations

Branches:
Dungeon (3/15)

Altars:
Dithmenos
Qazlal

Annotations:
D:2 Crazy Yiuf


Innate Abilities, Weirdness & Mutations

You are resistant to torment.
Your stone body is resilient. (AC +4)
You are immune to poison.
You resist negative energy. (rN+)
You are resistant to electric shocks. (rElec)
You can survive without breathing.
You are immune to petrification.
You are immune to miasma.


Message History

Crazy Yiuf hits you with a +3 quarterstaff of chaos.
* * * LOW HITPOINT WARNING * * *
Crazy Yiuf burns you.
* * * LOW HITPOINT WARNING * * *
It was a potion of curing.
You feel better.
Crazy Yiuf whimpers, "Hack!"
Crazy Yiuf zaps a wand.
The puff of flame hits you.
* * * LOW HITPOINT WARNING * * *
Your magical contamination has completely faded away.
Casting: Sting (safe; 6% risk of failure)
Confirm with . or Enter, or press ? or * to list all spells.
Aiming: Sting (safe; 6% risk of failure)
Press: ? - help, Shift-Dir - straight line, f/p - Crazy Yiuf
Aim: Crazy Yiuf, wielding a +3 quarterstaff of chaos, wearing a +0 cloak of stealth and carrying a wand of flame (15) (moderately wounded, 25% to evade)
The sting hits Crazy Yiuf.
Crazy Yiuf is poisoned.
Crazy Yiuf is moderately wounded.
Crazy Yiuf misses you.
Crazy Yiuf laughs, "Tosser chair rumpyflump!"
Crazy Yiuf zaps a wand.
The puff of flame hits you!
You die...

..........####
#...###.##.......
##.#####.##
###.#..)..#####.###
...# ###
#......##.#####.# ####
#.##.#.##.......#
#.##.#.####.#####
##...........#
#.##..####.###
♣♣♣♣♣##.....##.....#
###
♣♣♣.♣...#@##.###.....#
#...#♣..♣...g..##.#
#.....#
#(..'.♣♣♣♣........#
#.....# #)..#♣♣
♣♣..#.#### #.....# ###
♣♣##.# ####### #.#
######### #.#
#.......#
#.###.#####.#
#........##.#


You could see Crazy Yiuf (poisoned).

Vanquished Creatures
  Jessica (D:2)
  3 adders (D:2)
  3 worms (D:2)
  A dart slug (D:2)
  3 leopard geckos
  6 bats
  2 giant cockroaches (D:1)
  4 hobgoblins (D:1)
  4 jackals
  A quokka (D:2)
  3 frilled lizards
  2 goblins (D:2)
  9 kobolds
  12 rats
54 creatures vanquished.

Vanquished Creatures (others)
  6 plants (D:2)
6 creatures vanquished.

Grand Total: 60 creatures vanquished

Notes
Turn   | Place    | Note
-------+----------+-------------------------------------------
     0 | D:1      | jmlagarto the Gargoyle Venom Mage began the quest for the
                  | Orb.
     0 | D:1      | Reached XP level 1. HP: 10/10 MP: 3/3
   233 | D:1      | Reached XP level 2. HP: 15/15 MP: 0/5
   863 | D:1      | Reached skill level 1 in Transmutations
   896 | D:1      | Learned a level 2 spell: Poisonous Vapours
   957 | D:1      | Reached XP level 3. HP: 19/19 MP: 3/6
  1431 | D:2      | Reached XP level 4. HP: 23/24 MP: 3/8
  1617 | D:2      | Found a shadowy altar of Dithmenos.
  1627 | D:2      | You fall into a shaft and drop 1 floor!
  1627 | D:3      | Found a stormy altar of Qazlal.
  2285 | D:2      | Noticed Jessica
  2289 | D:2      | Killed Jessica
  2290 | D:2      | Reached XP level 5. HP: 28/28 MP: 6/10
  2306 | D:2      | Reached skill level 4 in Poison Magic
  2479 | D:2      | Found a runed translucent door.
  2480 | D:2      | Noticed Crazy Yiuf
  2499 | D:2      | Killed from afar by Crazy Yiuf

Illustrated notes

Levels and vault maps discovered:
D:1:      lightli_arrival_maybe_door_vault, layout_basic, minmay_close_crescents
D:2:      layout_loops_cross, serial_forest, infiniplex_forest_diagonal,
          infiniplex_forest_clump_double, infiniplex_forest_lined_ring,
          infiniplex_forest_straight_2, infiniplex_forest_zigzag_2,
          infiniplex_forest_straight_1, kennysheep_small_spiral,
          grunt_dithmenos_smoke_and_mirrors, uniq_crazy_yiuf_cottage,
          uniq_jessica
D:3:      layout_loops_cross, overflow_temple_1_default,
          chequers_ecumenical_altar_island, nicolae_ru_the_path_less_chosen,
          uniq_terence

Skill      XL: |  1  2  3  4  5 |
---------------+----------------+-----
Transmutations | 1 |  1.2
Spellcasting   | 3 |  3.4
Poison Magic   | 4 |  4.0
Fighting       | |  0.1
Dodging        | |  1.8
Stealth        | |  2.2
Unarmed Combat | |  0.3

Action                   |  1- 3 |  4- 6 || total
-------------------------+-------+-------++-------
Melee: Unarmed           |    18 |       ||    18
       Dagger            |       |     8 ||     8
Throw: Throwing net      |       |     9 ||     9
 Cast: Sting             |    45 |    44 ||    89
       Poisonous Vapours |     1 |       ||     1
  Use: Scroll            |       |     1 ||     1
       Potion            |       |     1 ||     1
Armor: Robe              |    18 |     7 ||    25
Dodge: Dodged            |    37 |    27 ||    64
